 Dungeon Sprint DCSS version 0.22.1-1-ga44c0e56f4 (webtiles) character file.

58 KleinerIrrer the Insei (level 4, -15/31 HPs)
             Began as an Octopode Monk on Nov 2, 2018.
             Killed by divine providence
             ... invoked by an oklob sapling priest
              (16 damage)
             ... in the Dungeon (Sprint IV: "Fedhas' Mad Dash").
             The game lasted 00:01:01 (346 turns).

KleinerIrrer the Insei (Octopode Monk)               Turns: 346, Time: 00:01:02

Health: -15/31     AC:  1    Str: 10    XL:     4   Next: 2%
Magic:  4/4        EV: 14    Int: 12    God:
Gold:   39         SH:  0    Dex: 15    Spells: 3/3 levels left

rFire    . . .     SeeInvis .     - Unarmed
rCold    . . .     Gourm    .   (no shield)
rNeg     . . .     Faith    .   (helmet restricted)
rPois    .         Spirit   .   j - amulet of invisibility {+Inv}
rElec    .         Reflect  .   h - ring of flight (curse)
rCorr    .         Harm     .   (no ring)
MR       .....     NoTele   +   (no ring)
Stlth    ++++......             (no ring)
HPRegen  0.10/turn              (no ring)
MPRegen  0.09/turn              (no ring)
                                (no ring)
                                (no ring)

@: no status effects
A: almost no armour, stealthy swim, amphibious, 8 rings, constrict 8, camouflage
1, gelatinous body 1
a: Evoke Invisibility, Evoke Flight


You were in the Dungeon.
You were not hungry.

You visited 1 branch You collected 39 gold pieces.

Inventory:

Jewellery
 h - a cursed ring of flight (left tentacle)
 j - the amulet of invisibility (around mantle) {+Inv}
   (You found it in the Dungeon)

   [amulet of nothing]

   It lets you turn invisible.
Scrolls
 g - a scroll of blinking
 i - a scroll of amnesia {unknown}
Potions
 b - a potion of curing
 c - a potion of heal wounds
 d - a potion of haste
 e - 2 potions of magic
 f - a potion of berserk rage
Comestibles
 a - a ration
 k - 3 chunks of flesh


   Skills:
 - Level 3.0 Fighting
 - Level 3.0 Dodging
 + Level 5.1 Stealth
 * Level 7.4 Unarmed Combat


You had 3 spell levels left.
You didn't know any spells.
Your spell library was empty.

Dungeon Overview and Level Annotations

Branches:
Dungeon (1/1)

Altars:
Cheibriados
Dithmenos
Elyvilon
Gozag
Hepliaklqana
Kikubaaqudgha
Makhleb
Nemelex Xobeh
Okawaru
Qazlal
Ru
Sif Muna
Trog
Uskayaw
Vehumet
Wu Jian
Xom
Yredelemnul
Zin
The Shining One
Beogh
Jiyva
Lugonu

Annotations:
D exclusion: oklob sapling


Innate Abilities, Weirdness & Mutations

You cannot wear most types of armour.
You are very stealthy in the water. (Stealth+)
You are amphibious.
You can wear up to eight rings at the same time.
You can use your tentacles to constrict eight enemies at once.
Your skin changes colour to match your surroundings (Stealth+).
Your rubbery body absorbs attacks. (AC +1, EV +1)


Message History

Found a radiant altar of Vehumet and a corrupted altar of Lugonu.
There is a burning altar of Makhleb here.
The oklob sapling priest invokes the aid of its god against you.
Something smites you!
There is a sparkling altar of Nemelex Xobeh here.
You tentacle-slap the oklob sapling priest but do no damage.
You grab the oklob sapling priest.
You tentacle-slap the oklob sapling priest.
The oklob sapling priest is lightly damaged.
You constrict the oklob sapling priest, but do no damage.
The oklob sapling priest spits acid at you.
The splash of acid hits you!
You are splashed with acid!
The acid burns!
* * * LOW HITPOINT WARNING * * *
You tentacle-slap the oklob sapling priest.
The oklob sapling priest is moderately damaged.
You constrict the oklob sapling priest, but do no damage.
The oklob sapling priest invokes the aid of its god against you.
Something smites you!
Ouch! That really hurt!
You die...

########################
....#.....#.⌠._._._._.⌠.
(...'.#...'.._._._._._..
....#.#...#..._.@P_._...
########+##.._._._._._..
#._._._._._.⌠.
##############


You could see an oklob sapling priest.

Vanquished Creatures
  An oklob sapling (D)
  A worker ant (D)
  A river rat (D)
  A rat (D)
4 creatures vanquished.

Notes
Turn   | Place    | Note
-------+----------+-------------------------------------------
     0 | D        | KleinerIrrer the Octopode Monk began the quest for the Orb.
     0 | D        | Reached XP level 1. HP: 16/16 MP: 1/1
   117 | D        | Reached skill level 4 in Unarmed Combat
   117 | D        | Reached XP level 2. HP: 10/21 MP: 2/2
   275 | D        | Noticed an oklob sapling
   279 | D        | Killed an oklob sapling
   279 | D        | Reached skill level 6 in Unarmed Combat
   279 | D        | Reached XP level 3. HP: 26/26 MP: 3/3
   282 | D        | Found the amulet of invisibility {+Inv}
   287 | D        | Reached skill level 5 in Stealth
   287 | D        | Reached skill level 7 in Unarmed Combat
   287 | D        | Reached XP level 4. HP: 26/31 MP: 4/4
   336 | D        | Found an opulent altar of Gozag.
   336 | D        | Found a hazy altar of Hepliaklqana.
   336 | D        | Found a roughly hewn altar of Beogh.
   336 | D        | Found a snail-covered altar of Cheibriados.
   337 | D        | Found a burning altar of Makhleb.
   337 | D        | Found a sparkling altar of Nemelex Xobeh.
   337 | D        | Found a sacrificial altar of Ru.
   337 | D        | Found a deep blue altar of Sif Muna.
   337 | D        | Found a shimmering altar of Xom.
   337 | D        | Found a basalt altar of Yredelemnul.
   338 | D        | Found a viscous altar of Jiyva.
   338 | D        | Found a bloodstained altar of Trog.
   338 | D        | Found an ornate altar of the Wu Jian Council.
   338 | D        | Noticed an oklob sapling priest
   339 | D        | Found an iron altar of Okawaru.
   339 | D        | Found a shadowy altar of Dithmenos.
   339 | D        | Found a glowing silver altar of Zin.
   340 | D        | Found an ancient bone altar of Kikubaaqudgha.
   340 | D        | Found a hide-covered altar of Uskayaw.
   341 | D        | Found a stormy altar of Qazlal.
   341 | D        | Found a glowing golden altar of the Shining One.
   341 | D        | Found a white marble altar of Elyvilon.
   342 | D        | Found a radiant altar of Vehumet.
   342 | D        | Found a corrupted altar of Lugonu.
   345 | D        | HP: 1/31 [acid (9)]
   346 | D        | Killed from afar by an oklob sapling priest

Skill      XL: |  1  2  3 |
---------------+----------+-----
Stealth        | 3 4 5 |  5.1
Unarmed Combat | 4 6 7 |  7.4
Fighting       | |  3.0
Dodging        | |  3.0

Action                   |  1- 3 |  4- 6 || total
-------------------------+-------+-------++-------
Melee: Unarmed           |    13 |     2 ||    15
       Tentacles         |     4 |       ||     4
       Constrict         |     4 |     1 ||     5
       Punch             |       |     1 ||     1
 Stab: Distracted        |     1 |       ||     1
       Sleeping          |     2 |       ||     2
Dodge: Dodged            |     4 |       ||     4
